 Dungeon Crawl Stone Soup version 0.01-2177-gccf4c23808 (webtiles) character file.

Game seed: 13718500527374017963, levelgen mode: classic

68 Amnesiac the Digger (level 4, 0/4 HPs) Fairy Earth Elementalist. Began on July 14, 2020. Slain by a sewer rat (1 damage) ... on level 2 of the Dungeon. The game lasted 00:02:32 (449 turns).

Amnesiac the Digger (Fairy Earth Elementalist)       Turns: 449, Time: 00:02:33

Health: 0/4        AC:  0    Str:  2    XL:     4 ^: 98
Magic:  3/3        EV: 24    Int: 18    God:
Gold:   42         SH:  0    Dex: 18    Spells: 6/9 levels left

rFire    . . .     Vision   .   (no jewelry)
rCold    . . .     Gourm    .
rNeg     . . .     Faith    .
rPois    .         Spirit   .
rElec    .         Reflect  .
rCorr    .         Harm     .
MR       .....
Stlth    +.........
HPRegen  0.11/turn
MPRegen  0.13/turn

@: very slightly contaminated, glowing, slow
A: tiny, no armour or weapons, only one jewelry slot, no melee attacks, fairy
magic, fairy shield, fairy light, decreased potion and divine healing, slowness
1, able to fly, insubstantial
a: Fly


You were on level 2 of the Dungeon.
You were not hungry.

You visited 1 branch of the dungeon, and saw 2 of its levels.

You collected 42 gold pieces.

Inventory:

Scrolls
 c - a scroll of enchantment {!r}
Potions
 a - a potion of might {!q}
Comestibles
 b - 2 rations


   Skills:
 - Level 2.6 Dodging
 - Level 2.0 Stealth
 + Level 3.2 Spellcasting
 - Level 1.0 Transmutations
 * Level 4.1 Earth Magic


You had 6 spell levels left.
You knew the following spells:

 Your Spells              Type           Power        Failure   Level  Hunger
a - Sandblast             Erth           17 (50)      3%          1    None
b - Passwall              Tmut/Erth      12 (120)     9%          2    ##.....

Your spell library contained the following spells:

 Spells                   Type           Power        Failure   Level  Hunger
 Stone Arrow              Erth           17 (50)      9%          3    ###....
 Petrify                  Tmut/Erth      12 (100)     50%         4    ####...
 Lee's Rapid Deconstruct  Erth           17 (200)     63%         5    ######.
 Methodical Deconstructi  Erth           17 (200)     63%         5    ######.


Dungeon Overview and Level Annotations

Branches:
Dungeon (2/8)

Altars:


Innate Abilities, Weirdness & Mutations

You are too small to use any gear.
You can wear a single ring or amulet completely around your body.
You are incapable of melee of any kind.
Your magic reserves are extremely low but spells that normally cost one mana are free and all other spells cost one mana.
You are extremely frail but all attacks that strike you do exactly one damage.
You exude a bright light in a small radius around yourself.
The effect of potions and godly healing effects is reduced to match your tiny health and magic reserves.
You cover ground slowly.
You can fly continuously.
Your insubstantial form boosts your evasion and grants immunity to sticky flames, nets and constriction.


Message History

Casting: Sandblast (safe; 3% risk of failure)
Confirm with . or Enter, or press ? or * to list all spells.
Aiming: Sandblast (safe; 3% risk of failure)
Press: ? - help, Shift-Dir - straight line, f/p - sewer rat
Aim: a sewer rat (moderately wounded (8/13), haloed)
The blast of sand hits the sewer rat but does no damage (0).
The sewer rat is moderately wounded. (8/13) HP The sewer rat closely misses you (0).
Casting: Sandblast (safe; 3% risk of failure)
Confirm with . or Enter, or press ? or * to list all spells.
Aiming: Sandblast (safe; 3% risk of failure)
Press: ? - help, Shift-Dir - straight line, f/p - sewer rat
Aim: a sewer rat (moderately wounded (8/13), haloed)
You miscast Sandblast.
You are very lightly contaminated with residual magic.
You feel gritty.
The sewer rat completely misses you (0).
Casting: Sandblast (safe; 3% risk of failure)
Confirm with . or Enter, or press ? or * to list all spells.
Aiming: Sandblast (safe; 3% risk of failure)
Press: ? - help, Shift-Dir - straight line, f/p - sewer rat
Aim: a sewer rat (moderately wounded (8/13), haloed)
The blast of sand hits the sewer rat but does no damage (0).
The sewer rat is moderately wounded. (8/13) HP The sewer rat bites you (7)!
Casting: Sandblast (safe; 3% risk of failure)
Confirm with . or Enter, or press ? or * to list all spells.
Aiming: Sandblast (safe; 3% risk of failure)
Press: ? - help, Shift-Dir - straight line, f/p - sewer rat
Aim: a sewer rat (moderately wounded (8/13), haloed)
The blast of sand hits the sewer rat (4).
The sewer rat is severely wounded. (4/13) HP The sewer rat bites you (10)!
* * * LOW HITPOINT WARNING * * *
Casting: Sandblast (safe; 3% risk of failure)
Confirm with . or Enter, or press ? or * to list all spells.
Aiming: Sandblast (safe; 3% risk of failure)
Press: ? - help, Shift-Dir - straight line, f/p - sewer rat
Aim: a sewer rat (severely wounded (4/13), haloed)
The blast of sand hits the sewer rat (3).
The sewer rat is almost dead. (1/13) HP The sewer rat bites you (3).
* * * LOW HITPOINT WARNING * * *
Casting: Sandblast (safe; 3% risk of failure)
Confirm with . or Enter, or press ? or * to list all spells.
Aiming: Sandblast (safe; 3% risk of failure)
Press: ? - help, Shift-Dir - straight line, f/p - sewer rat
Aim: a sewer rat (almost dead (1/13), haloed)
The blast of sand misses the sewer rat.
The sewer rat barely misses you (0).
Casting: Sandblast (safe; 3% risk of failure)
Confirm with . or Enter, or press ? or * to list all spells.
Aiming: Sandblast (safe; 3% risk of failure)
Press: ? - help, Shift-Dir - straight line, f/p - sewer rat
Aim: a sewer rat (almost dead (1/13), haloed)
The blast of sand hits the sewer rat but does no damage (0).
The sewer rat is almost dead. (1/13) HP The sewer rat barely misses you (0).
Casting: Sandblast (safe; 3% risk of failure)
Confirm with . or Enter, or press ? or * to list all spells.
Aiming: Sandblast (safe; 3% risk of failure)
Press: ? - help, Shift-Dir - straight line, f/p - sewer rat
Aim: a sewer rat (almost dead (1/13), haloed)
The blast of sand misses the sewer rat.
The sewer rat bites you (6).
You die...

############
#≈.≈####≈###
#....≈≈.. #.≈.≈≈≈≈.
### ###≈≈.≈≈≈≈.
#≈######≈.≈≈...≈≈.
##......≈.#≈..≈....
#≈@≈.≈≈.≈##.≈≈≈.≈≈≈
#.r#≈#.####.≈≈≈.≈≈≈
#.≈###### #≈....≈≈≈
##≈ #≈≈≈.≈b≈≈ ≈≈
#≈≈P..≈≈≈ ≈.#
#≈≈P≈...≈ ..#
#≈P≈≈.≈≈≈ ..
≈P≈≈≈≈≈≈ PP≈≈≈≈≈≈


You could see a sewer rat.

Vanquished Creatures
  A jelly (D:2)
  An adder (D:2)
  2 cinder newts
  A leopard gecko (D:1)
  A ball python (D:2)
  A cinder newt skeleton (D:2)
  A giant cockroach (D:1)
  A goblin (D:1)
  A hobgoblin (D:1)
  2 bats (D:2)
  A bat skeleton (D:2)
  A kobold (D:1)
  3 rats (D:1)
  A withered plant (D:2)
18 creatures vanquished.

Vanquished Creatures (others)
  34 withered plants (D:2)
34 creatures vanquished.

Grand Total: 52 creatures vanquished

Notes
Turn   | Place    | Note
-------+----------+-------------------------------------------
     0 | D:1      | Amnesiac the Fairy Earth Elementalist began the quest for
                  | the Orb.
     0 | D:1      | Reached XP level 1. HP: 3/3 MP: 3/3
    99 | D:1      | Reached XP level 2. HP: 3/3 MP: 3/3
   161 | D:1      | Learned a level 2 spell: Passwall
   273 | D:2      | Reached XP level 3. HP: 4/4 MP: 3/3
   289 | D:2      | Reached skill level 4 in Earth Magic
   412 | D:2      | Reached XP level 4. HP: 4/4 MP: 3/3
   449 | D:2      | Slain by a sewer rat

Levels and vault maps discovered:
D:1:      lightli_arrival_farm, layout_basic
D:2:      layout_sewer, overflow_temple_1_default, uniq_menkaure

Skill      XL: |  1  2  3 |
---------------+----------+-----
Stealth        | 2 |  2.0
Spellcasting   | 3 |  3.2
Earth Magic    | 4 |  4.1
Dodging        | |  2.6
Transmutations | |  1.0

Action                   |  1- 3 |  4- 6 || total
-------------------------+-------+-------++-------
 Cast: Sandblast         |    38 |    12 ||    50
Dodge: Dodged            |    16 |     7 ||    23
